Big Tank Fight End

Match 20649565
End
Kradschützen Motorcycle Team
Panzergrenadier Squad
Selects Italian Infantry
Panzergrenadier Squad
Construct Light Support Kompanie
Assault Grenadier Squad
2.5-tonne Medical Truck
Fire Support Elements
le.IG 18 Mechanized Group
Selects Defensive Operations
Pak 38 Anti-tank Gun Team
Veteran Squad Leaders
Construct Panzerarmee Kommand
Selects Guastatori Squad
Selects Registered Artillery
Panzerjäger Mechanized Group
Panzer III L Medium Tank
Panzer III L Medium Tank
Selects Prepared Positions
Emergency Repair Kits
Tungsten Core Ammunition
Vehicle Survival Package
Registered Artillery
Armored Reserves
Panzer III L Medium Tank
Guastatori Squad
Panzer IV Assault Group
Kwarzym
Colonel0tto
0
0

Comments sign in to comment!

No comments posted yet!